 Dungeon Crawl Stone Soup version 0.27-a0-1187-ge80a49f48c (webtiles) character file.

Game seed: 16217958765145603165

77 Kinoniko the Chopper (level 4, -1/58 HPs)
             Began as a Hill Orc Monk on May 20, 2021.
             Slain by a gnoll
             ... wielding a +0 halberd
              (8 damage)
             ... on level 3 of the Dungeon.
             The game lasted 00:02:46 (2530 turns).

Kinoniko the Chopper (Hill Orc Monk)                Turns: 2530, Time: 00:02:47

Health: -1/58      AC: 22    Str: 14    XL:     4   Next: 33%
Magic:  4/4        EV:  2    Int: 10    God:
Gold:   88         SH:  0    Dex: 13    Spells: 3/3 levels left

rFire    . . .     SeeInvis .   a - +0 hand axe
rCold    . . .     Faith    .   (no shield)
rNeg     + + +     Spirit   .   (armour currently unavailable)
rPois    +         Reflect  .   (helmet currently unavailable)
rElec    .         Harm     .   (cloak currently unavailable)
rCorr    .         Rampage  .   (gloves currently unavailable)
Will     .....     NoTele   +   (boots currently unavailable)
Stlth    ++........             (no amulet)
HPRegen  0.19/turn              (no ring)
MPRegen  0.09/turn              (no ring)

@: tree-form, hasted, very quick
A: stationary, stasis, torment immunity, boosted hp
a: no special abilities


You were on level 3 of the Dungeon.
You were a tree.
You visited 1 branch of the dungeon, and saw 3 of its levels.

You collected 88 gold pieces.

Inventory:

Hand Weapons
 a - a +0 hand axe (weapon)
Armour
 b - a +0 robe
 g - a +0 ring mail (melded)
 m - a +0 pair of boots (melded)
Scrolls
 d - a scroll of holy word
 f - 2 scrolls of amnesia
 j - 2 scrolls of magic mapping
 k - a scroll of enchant armour {unknown}
 l - a scroll of immolation {unknown}
 n - a scroll of enchant weapon {unknown}
 q - a scroll of teleportation {unknown}
Potions
 e - a potion of degeneration {unknown}
 h - a potion of brilliance {unknown}
 i - a potion of lignification
 o - a potion of berserk rage {unknown}
 p - a potion of mutation {unknown}


   Skills:
 - Level 3.6 Fighting
 + Level 6.7 Axes
 - Level 2.4 Dodging
 - Level 1.5 Stealth


You had 3 spell levels left.
You didn't know any spells.
Your spell library contained the following spells:

 Spells                   Type           Power      Damage    Failure   Level
 Ensorcelled Hibernation  Hex/Ice        0%         N/A       50%         2
 Inner Flame              Hex/Fire       0%         N/A       75%         3
 Vampiric Draining        Necr           0%         2d6       75%         3
 Animate Dead             Necr           0%         N/A       98%         4


Dungeon Overview and Level Annotations

Branches:
Dungeon (3/15)

Altars:
Nemelex Xobeh
Uskayaw
The Shining One

Shops:
D:3 ?


Message History

The gnoll hits you from afar with a +0 spear.
You are too injured to fight recklessly!
You hit the gnoll but do no damage. The gnoll hits you but does no damage.
The gnoll hits you from afar with a +0 spear.
You hit the gnoll.
The gnoll is lightly wounded.
The gnoll hits you with a +0 halberd.
* * * LOW HITPOINT WARNING * * *
The gnoll hits you but does no damage.
You hit the gnoll but do no damage.
The gnoll is lightly wounded.
The gnoll hits you with a +0 halberd.
* * * LOW HITPOINT WARNING * * *
The gnoll hits you from afar with a +0 spear.
* * * LOW HITPOINT WARNING * * *
You hit the gnoll but do no damage.
The gnoll is lightly wounded.
The gnoll splashes around in the water. x2
Unknown command.
You hit the gnoll but do no damage.
The gnoll is lightly wounded.
The gnoll hits you with a +0 halberd.
* * * LOW HITPOINT WARNING * * *
The gnoll splashes around in the water.
Unknown command.
You hit the gnoll but do no damage.
The gnoll is lightly wounded.
The gnoll splashes around in the water.
The gnoll hits you but does no damage.
You completely miss the gnoll.
The gnoll is lightly wounded.
The gnoll splashes around in the water.
The gnoll hits you from afar with a +0 spear.
* * * LOW HITPOINT WARNING * * *
Unknown command.
You barely miss the gnoll.
The gnoll is lightly wounded.
The gnoll splashes around in the water. x2
It was a potion of haste.
You feel yourself speed up. The gnoll hits you with a +0 halberd!
You die...

.>...###.§..§....#.##.#
#........ ######
#...#######.##.##########.
##### #.##..# #.
####.###.# ######. #....#
#.# #...... ##########
####### ##....≈### ###≈≈≈
##....≈†≈≈## ##≈≈≈≈≈
#.P.♣g≈≈≈#.####.#≈≈≈≈ #
#PP..≈######....###### #
#....g≈ #....# # #....≈≈≈
#....# # #.P.≈≈### #....#
# #P.≈≈≈≈ ##''## # #...≈≈≈
#..# # ##...≈≈ #####'### #
##≈≈.....###


You could see 2 gnolls.

Vanquished Creatures
  An adder (D:2)
  3 dart slugs
  4 bats
  6 endoplasms
  A giant cockroach (D:1)
  6 goblins
  8 hobgoblins
  7 jackals
  3 quokkas
  2 ball pythons
  6 frilled lizards
  5 kobolds
  5 rats
57 creatures vanquished.

Vanquished Creatures (others)
  12 plants (D:3)
12 creatures vanquished.

Grand Total: 69 creatures vanquished

Notes
Turn   | Place    | Note
-------+----------+-------------------------------------------
     0 | D:1      | Kinoniko the Hill Orc Monk began the quest for the Orb.
     0 | D:1      | Reached XP level 1. HP: 19/19 MP: 1/1
   137 | D:1      | Identified the Volume of Ensnaring Stolen Souls
   188 | D:1      | Reached XP level 2. HP: 14/26 MP: 2/2
   432 | D:2      | Reached skill level 5 in Axes
   566 | D:1      | Reached XP level 3. HP: 31/31 MP: 3/3
  1152 | D:2      | Reached skill level 6 in Axes
  1458 | D:2      | Reached XP level 4. HP: 39/39 MP: 4/4
  1603 | D:2      | Found a faded altar of an unknown god.
  1842 | D:3      | Found a glowing golden altar of the Shining One.
  2004 | D:3      | Found Nyladd's Magic Scroll Shoppe.
  2107 | D:3      | Found a hide-covered altar of Uskayaw.
  2204 | D:3      | Found a sparkling altar of Nemelex Xobeh.
  2530 | D:3      | Slain by a gnoll

Illustrated notes

Levels and vault maps discovered:
D:1:      sevenhm_arrival_forest_fort_large_4, layout_basic, minmay_cut_off
D:2:      layout_loops_ring, chequers_ecumenical_altar_twisty
D:3:      wad_lake_hut, layout_loops_ring, general_overflow_altar,
          nemelex_diamond_rough_becter,
          nicolae_uskayaw_murder_on_the_dancefloor, serial_shops,
          nicolae_shop_stone

Skill      XL: |  1  2  3 |
---------------+----------+-----
Axes           | 5 6 |  6.7
Fighting       | |  3.6
Dodging        | |  2.4
Stealth        | |  1.5

Action                   |  1- 3 |  4- 6 || total
-------------------------+-------+-------++-------
Melee: Hand axe          |   112 |    80 ||   192
  Use: Scroll            |       |     3 ||     3
       Potion            |       |     2 ||     2
 Stab: Sleeping          |     3 |       ||     3
Armor: Robe              |     5 |       ||     5
       Ring mail         |    30 |    25 ||    55
       Skin              |       |     3 ||     3
Dodge: Dodged            |    67 |    34 ||   101

Table legend: (Time is in decaauts)
 A = Elapsed time spent in this place.
 B = Non-inter-level travel time spent in this place.
 C = Inter-level travel time spent in this place.
 D = Time resting spent in this place.
 E = Time spent auto-exploring this place.
 F = Levels seen in this place.
 G = Mean time per level.
                   A        B        C        D        E       F      G
               +--------+--------+--------+--------+--------+-----+--------+
         Total |   2538 |   2456 |     82 |    229 |   1816 |   3 |  846.0 |
       Dungeon |   2538 |   2456 |     82 |    229 |   1816 |   3 |  846.0 |
               +--------+--------+--------+--------+--------+-----+--------+

Top non-repeatable levels by time:
     D:1: 987 daAuts
     D:3: 816 daAuts
     D:2: 734 daAuts
